 Dungeon Crawl Stone Soup version 0.19-a0-1210-g5c1aa26 (webtiles) character file.

180 Duffy the Skirmisher (level 5, -1/51 HPs)
             Began as a Naga Fighter on Aug 22, 2016.
             Slain by a giant gecko (4 damage)
             ... on level 2 of the Dungeon.
             The game lasted 00:02:08 (1525 turns).

Duffy the Skirmisher (Naga Fighter)                 Turns: 1525, Time: 00:02:08

Health: -1/51      AC:  6    Str: 24    XL:     5   Next: 60%
Magic:  5/5        EV:  6    Int:  8    God:
Gold:   83         SH: 10    Dex: 11    Spells: 0 memorised, 4 levels left

rFire  . . .     SeeInvis +     b - +2 dagger (venom)
rCold  . . .     Gourm    .     m - +0 scale mail
rNeg   . . .     Faith    .     c - +0 shield
rPois  +         Spirit   .     e - +0 helmet
rElec  .         Dismiss  .     (no cloak)
rCorr  .         Reflect  .     (no gloves)
MR     .....     Harm     .     (no barding)
Stlth  ..........               (no amulet)
                                (no ring)
                                k - ring of poison resistance

@: mighty, lethally poisoned (-1 -> -2), very slow
A: see invisible, deformed body, poison resistance, slowness 2, slow metabolism
1, spit poison 2, AC +1
a: Spit Poison


You were on level 2 of the Dungeon.
You were not hungry.

You visited 1 branch of the dungeon, and saw 2 of its levels.

You collected 83 gold pieces.

Inventory:

Hand Weapons
 a - a +0 war axe
 b - a +2 dagger of venom (weapon)
 t - a +2 flail of protection
Armour
 c - a +0 shield (worn)
 e - a +0 helmet (worn)
 m - a +0 scale mail (worn)
Jewellery
 k - a ring of poison resistance (left hand)
Scrolls
 h - a scroll of remove curse {unknown}
 i - a scroll of fear {unknown}
 j - 2 scrolls of identify {unknown}
 l - a scroll of noise {unknown}
 n - a scroll of amnesia {unknown}
 r - a scroll of blinking {unknown}
Potions
 d - a potion of might
 q - a potion of magic
Comestibles
 f - 2 bread rations
 g - 3 fruits
 o - 6 chunks of flesh
 s - a slice of pizza
 u - a meat ration


   Skills:
 + Level 4.3 Fighting
 - Level 2.6 Axes
 - Level 2.4 Armour
 + Level 4.0 Shields


You had 4 spell levels left.
You didn't know any spells.

Dungeon Overview and Level Annotations

Branches:
Dungeon (2/15)

Altars:


Innate Abilities, Weirdness & Mutations

You cannot wear boots.
Your serpentine skin is tough. (AC +1)
You have supernaturally acute eyesight. (SInv)
Armour fits poorly on your strangely shaped body.
Your system is resistant to poisons. (rPois)
You cover ground very slowly.
You have a slow metabolism.
You can spit poison.


Message History

You kill the goblin!
You block the giant gecko's attack. x2
Some of the chunks of flesh in your inventory have rotted away.
You closely miss the goblin.
You feel sick. The goblin hits you but does no damage.
The giant gecko barely misses you.
You hit the goblin.
You kill the goblin!
The hobgoblin hits you with a club.
The giant gecko bites you but does no damage.
Your shield and scale mail prevent you from hitting the hobgoblin.
The giant gecko bites you. You block the hobgoblin's attack.
You barely miss the hobgoblin.
You feel sick. The giant gecko barely misses you.
The hobgoblin hits you with a club. The giant gecko closely misses you.
It was a potion of magic.
Magic courses through your body.
The hobgoblin hits you but does no damage.
You block the giant gecko's attack.
It was a potion of cure mutation.
It has a very clean taste.
The hobgoblin barely misses you. The giant gecko bites you.
You die...

#..####+#.........#
##.##.............#
#..#.............#
##.#.......#######
#.#.......##
#.#........# ..
#[#........#####....
#####..##......#)g.'....
#.......#......#@# .
#.......#......#l# .g.
#.......#.##.........
......
#########......)## .....
....# #.......# %....
###.# #......## #+##


You could see a giant gecko, 2 hobgoblins and 3 goblins.

Vanquished Creatures
  Ijyb (D:2)
  Natasha (twice) (D:2)
  Terence (D:2)
  Robin (D:2)
  4 adders (D:2)
  A dart slug (D:1)
  8 goblins
  6 hobgoblins
  5 bats (D:1)
  6 giant newts
  3 kobolds
  3 rats (D:1)
  A plant (D:1)
42 creatures vanquished.

Notes
Turn   | Place    | Note
-------+----------+-------------------------------------------
     0 | D:1      | Duffy the Naga Fighter began the quest for the Orb.
     0 | D:1      | Reached XP level 1. HP: 21/21 MP: 1/1
   249 | D:1      | Reached XP level 2. HP: 27/28 MP: 2/2
   690 | D:1      | Reached XP level 3. HP: 27/34 MP: 3/3
  1014 | D:2      | Noticed Natasha
  1021 | D:2      | Killed Natasha
  1021 | D:2      | Reached XP level 4. HP: 30/42 MP: 4/4
  1311 | D:2      | Noticed Ijyb
  1321 | D:2      | Killed Ijyb
  1423 | D:2      | Noticed Terence
  1434 | D:2      | Killed Terence
  1434 | D:2      | Reached XP level 5. HP: 47/50 MP: 5/5
  1455 | D:2      | Noticed Natasha
  1458 | D:2      | Killed Natasha
  1494 | D:2      | Noticed Robin
  1518 | D:2      | Killed Robin
  1523 | D:2      | HP: 2/51 [hobgoblin/club[Robin] (1)]
  1525 | D:2      | Slain by a giant gecko

Vault maps used:
D:1:      roderic_crop_circles_arrival_small, serial_forest,
          infiniplex_forest_clump_cross, infiniplex_forest_straight_3,
          infiniplex_forest_clump_medium, infiniplex_forest_lined_2,
          infiniplex_forest_zigzag_2, infiniplex_forest_clump_tiny,
          infiniplex_forest_clump_medium
D:2:      grunt_temple_overflow_growth_and_decay, uniq_iyjb,
          uniq_crazy_yiuf_cottage, uniq_natasha, uniq_terence, uniq_robin

Skill      XL: |  1  2  3  4  5 |
---------------+----------------+-----
Shields        | 3 4 |  4.0
Fighting       | 4 |  4.3
Axes           | |  2.6
Armour         | |  2.4

Action                   |  1- 3 |  4- 6 || total
-------------------------+-------+-------++-------
Melee: War axe           |    61 |       ||    61
       Dagger            |    31 |    70 ||   101
  Use: Potion            |       |     3 ||     3
  Eat: Chunk             |       |     1 ||     1
Armor: Scale mail        |    42 |    29 ||    71
Dodge: Dodged            |    23 |    22 ||    45
Block: Shield            |    30 |    41 ||    71
